 Dungeon Crawl Stone Soup version 0.24-a0-201-gf205589 (console) character file.

Game seed: 10697908263981513505

154 Duffy the Chopper (level 5, -1/49 HPs)
             Began as a Naga Fighter on Mar 24, 2019.
             Was an Initiate of Gozag.
             Slain by a gnoll
             ... wielding a +0 spear
              (3 damage)
             ... on level 3 of the Dungeon.
             The game lasted 00:02:12 (2464 turns).

Duffy the Chopper (Naga Fighter)                    Turns: 2464, Time: 00:02:13

Health: -1/49      AC:  5    Str: 18    XL:     5   Next: 36%
Magic:  5/5        EV:  5    Int:  9    God:    Gozag
Gold:   196        SH: 10    Dex: 11    Spells: 4/4 levels left

rFire    . . .     SeeInvis +   a - +0 war axe
rCold    . . .     Gourm    .   c - +1 shield
rNeg     . . .     Faith    .   b - +0 scale mail
rPois    +         Spirit   .   (no helmet)
rElec    .         Reflect  .   (no cloak)
rCorr    .         Harm     .   (no gloves)
MR       .....                  (no barding)
Stlth    ..........             n - amulet of the acrobat
HPRegen  0.16/turn              (no ring)
MPRegen  0.09/turn              (no ring)

@: gold aura, very slow
A: large, see invisible, deformed body, poison resistance, slowness 2, slow
metabolism 1, spit poison 1, AC +1
a: Spit Poison, Potion Petition, Call Merchant, Bribe Branch, Renounce Religion


You were on level 3 of the Dungeon.
You worshipped Gozag.
Gozag was aware of your devotion.
You were not hungry.

You visited 1 branch of the dungeon, and saw 3 of its levels.

You collected 224 gold pieces.
You paid 28 gold pieces to Gozag.

Inventory:

Hand Weapons
 a - a +0 war axe (weapon)
Armour
 b - a +0 scale mail (worn)
 c - a +1 shield (worn)
 f - a -2 leather armour
Jewellery
 n - an amulet of the acrobat (around neck)
Scrolls
 g - a scroll of teleportation
 l - a scroll of identify
 p - a scroll of noise {unknown}
Potions
 d - a potion of might
 e - a potion of cancellation {unknown}
 i - 2 potions of mutation {unknown}
 j - 3 potions of curing {unknown}
 k - a potion of brilliance {unknown}
 m - a potion of agility {unknown}
 o - a potion of berserk rage {unknown}


   Skills:
 - Level 3.0 Fighting
 + Level 4.0 Axes
 - Level 2.4 Armour
 + Level 3.8 Shields


You had 4 spell levels left.
You didn't know any spells.
Your spell library was empty.

Dungeon Overview and Level Annotations

Branches:
Dungeon (3/15)

Altars:
Gozag
Nemelex Xobeh


Innate Abilities, Weirdness & Mutations

You cannot wear boots.
Your serpentine skin is tough. (AC +1)
You have supernaturally acute eyesight. (SInv)
Armour fits poorly on your strangely shaped body.
Your system is resistant to poisons. (rPois)
You cover ground very slowly.
You have a slow metabolism.
You can spit poison.


Message History

The gnoll misses you.
The gnoll hits you from afar with a +0 spear.
You see here 6 gold pieces.
The gnoll shouts!
You hit the gnoll.
The gnoll is severely wounded.
You block the gnoll's attack. x2
You barely miss the gnoll.
The gnoll is severely wounded.
You block the gnoll's attack. x2
You slash the gnoll!
You kill the gnoll!
You block the gnoll's attack.
The gnoll hits you from afar with a +0 spear!
You block the gnoll's attack.
Things that are here:
8 gold pieces; a +0 halberd You barely miss the gnoll.
The gnoll hits you with a +0 spear.
You die...
Your body crumbles into a pile of gold.

#.# #.# ### #.#####
#.. #.....# #.#
#####.# #g# #.# #r#
#.# #g# #.# #@# #.#
#$# #.# #$# #.# #.#
#.# #.# #.# ######.#
#.# #....?.# #.#
#.################.#
#..................#


You could see 2 gnolls and a rat.

Vanquished Creatures
  A jelly (D:2)
  2 gnolls (D:3)
  4 adders (D:2)
  3 worms
  2 leopard geckos (D:1)
  An orc (D:3)
  4 giant cockroaches
  9 goblins
  5 hobgoblins
  10 kobolds
  A ball python (D:1)
  3 bats
  4 frilled lizards
  9 rats
58 creatures vanquished.

Notes
Turn   | Place    | Note
-------+----------+-------------------------------------------
     0 | D:1      | Duffy the Naga Fighter began the quest for the Orb.
     0 | D:1      | Reached XP level 1. HP: 21/21 MP: 1/1
   124 | D:1      | Reached XP level 2. HP: 10/28 MP: 2/2
   735 | D:1      | Reached XP level 3. HP: 30/34 MP: 3/3
  1255 | D:2      | Reached skill level 3 in Axes
  1398 | D:2      | Found an opulent altar of Gozag.
  1412 | D:2      | Became a worshipper of Gozag Ym Sagoz the Greedy
  1437 | D:2      | Found a sparkling altar of Nemelex Xobeh.
  1624 | D:2      | Reached XP level 4. HP: 9/42 MP: 4/4
  2200 | D:2      | Reached XP level 5. HP: 42/49 MP: 5/5
  2458 | D:3      | Reached skill level 4 in Axes
  2462 | D:3      | HP: 1/49 [gnoll/+0 spear (8)]
  2464 | D:3      | Slain by a gnoll

Levels and vault maps discovered:
D:1:      onia_arrival_mini_maze_b, layout_basic
D:2:      wad_river_or_something, layout_basic,
          nicolae_gozag_cash_rules_everything_around_me, hex_medium,
          nemelex_xobeh_ov_fountains_minmay
D:3:      layout_loops_ring

Skill      XL: |  1  2  3  4  5 |
---------------+----------------+-----
Shields        | 3 |  3.8
Axes           | 3 4 |  4.0
Fighting       | |  3.0
Armour         | |  2.4

Action                   |  1- 3 |  4- 6 || total
-------------------------+-------+-------++-------
Melee: War axe           |   104 |    70 ||   174
 Abil: Spit Poison       |     4 |     1 ||     5
  Use: Scroll            |       |     4 ||     4
  Eat: Chunk             |     1 |       ||     1
       Ration            |       |     1 ||     1
Armor: Scale mail        |    35 |    20 ||    55
Dodge: Dodged            |    24 |    17 ||    41
Block: Shield            |    43 |    45 ||    88

Table legend:
 A = Non-vault XP
 B = Vault XP
 C = Vault XP percentage of total XP
 D = Non-vault monster count
 E = Vault monster count
 F = Vault count percentage of total count
                 A         B        C        D         E       F
            +---------+---------+-------+---------+---------+-------
      Total |     186 |      35 |  15.8 |      51 |       7 |  12.1
            +---------+---------+-------+---------+---------+-------
        D:1 |      49 |       0 |   0.0 |      29 |       0 |   0.0
        D:2 |      97 |      35 |  26.5 |      17 |       7 |  29.2
        D:3 |      40 |       0 |   0.0 |       5 |       0 |   0.0
            +---------+---------+-------+---------+---------+-------
